 Dungeon Crawl Stone Soup version 0.29-a0-520-gc852659d43 (webtiles) character file.

Game seed: 15403295133632976304

19 Spectrina the Ducker (level 2, 0/18 HPs)
             Began as a Deep Elf Monk on June 1, 2022.
             Was a Believer of the Shining One.
             Succumbed to an adder's poison
             ... on level 3 of the Dungeon.
             The game lasted 00:06:23 (969 turns).

Spectrina the Ducker (Deep Elf Monk)                 Turns: 969, Time: 00:06:24

Health: 0/18       AC:  2    Str:  8    XL:     2   Next: 55%
Magic:  4/4        EV: 13    Int: 14    God:    the Shining One [**....]
Gold:   87         SH:  0    Dex: 17    Spells: 1/1 levels left

rFire   . . .      SeeInvis .   a - +0 falchion
rCold   . . .      Faith    .   (no shield)
rNeg    + . .      Spirit   .   b - +0 robe
rPois   .          Reflect  .   (no helmet)
rElec   .          Harm     .   (no cloak)
rCorr   .          Rampage  .   (no gloves)
Will    .....                   (no boots)
Stlth   +.........              (no amulet)
HPRegen 0.06/turn               (no ring)
MPRegen 0.09/turn               (no ring)

@: lethally poisoned (0 -> -6), glowing
A: no striking features
a: Renounce Religion, Divine Shield


You were on level 3 of the Dungeon.
You worshipped the Shining One.
The Shining One was pleased with you.
You visited 1 branch of the dungeon, and saw 4 of its levels.

You collected 87 gold pieces.

Inventory:

Hand Weapons
 a - a +0 falchion (weapon)
Armour
 b - a +0 robe (worn)
 k - a +0 kite shield
Scrolls
 d - a scroll of vulnerability {unknown}
 e - a scroll of immolation {unknown}
 i - 4 scrolls of teleportation {unknown}
Potions
 c - a potion of ambrosia
 f - a potion of lignification {unknown}
 g - 2 potions of flight {unknown}
 h - a potion of might {unknown}
 j - 3 potions of curing {unknown}


   Skills:
 - Level 2.4 Fighting
 + Level 3.4 Long Blades
 - Level 3.6 Dodging
 - Level 2.4 Stealth
 + Level 0.7 Invocations


You had one spell level left.
You didn't know any spells.
Your spell library contained the following spells:

 Spells                   Type           Power      Damage    Failure   Level
 Sting                    Tmut/Pois      0%         1d3       28%         1
 Poisonous Vapours        Pois/Air       0%         N/A       41%         2
 Olgreb's Toxic Radiance  Pois           0%         N/A       96%         4


Dungeon Overview and Level Annotations

Branches:
Dungeon (4/15)
 Temple: D:4-7

Altars:
The Shining One


Message History

Found 9 gold pieces.
Found a robe.
You now have 87 gold pieces (gained 9).
An ogre comes into view. It is wielding a +0 giant club.
The ogre shouts!
A goblin comes into view. It is wielding a +0 dagger.
There is a stone staircase leading up here.
You climb upwards.
There is a stone staircase leading down here.
An adder and a ball python come into view.
You barely miss the adder. The adder closely misses you.
You hit the adder but do no damage. The adder bites you but does no damage.
You hit the adder.
The adder is lightly wounded.
The adder closely misses you. x2
You closely miss the adder.
The adder is lightly wounded.
The adder completely misses you.
You hit the adder.
The adder is moderately wounded.
The adder bites you.
You are poisoned.
The adder poisons you! The adder barely misses you.
You closely miss the adder.
The adder is moderately wounded.
You feel sick. The adder bites you but does no damage.
You hit the adder.
The adder is severely wounded.
You feel sick. The adder bites you but does no damage. The adder bites you.
You hit the adder.
The adder is severely wounded.
You feel sick.
You are no longer poisoned.
The adder bites you.
* * * LOW HITPOINT WARNING * * *
You are lethally poisoned!
The adder poisons you!
You closely miss the adder.
The adder is severely wounded.
You die...

############ ########
#..........# #......#
#..........# #......#
#....>.....#####......##
#.......................
#..........#####........
#..........# #......##
#..........#####......#
#......@.......####.###
#.....S........####.####
#.......................
#....####...............
#....# ###............
####.# ###.###..### #.#
## #....# #.# ####.#
#....S# ..#


You could see an adder.

Vanquished Creatures
  An endoplasm (D:2)
  A giant cockroach (D:1)
  2 goblins
  A hobgoblin (D:3)
  2 quokkas
  4 ball pythons
  2 bats (D:2)
  2 frilled lizards
  4 kobolds
19 creatures vanquished.

Notes
Turn   | Place    | Note
-------+----------+-------------------------------------------
     0 | D:1      | Spectrina the Deep Elf Monk began the quest for the Orb.
     0 | D:1      | Reached XP level 1. HP: 13/13 MP: 3/3
   427 | D:2      | Reached XP level 2. HP: 1/18 MP: 4/4
   594 | D:2      | Found a faded altar of an unknown god.
   610 | D:2      | Prayed at the altar of an unknown god.
   610 | D:2      | Became a worshipper of the Shining One
   610 | D:2      | Reached * piety under the Shining One
   610 | D:2      | Reached ** piety under the Shining One
   928 | D:4      | Noticed an ogre
   969 | D:3      | Succumbed to an adder's poison

Illustrated notes

Levels and vault maps discovered:
D:1:      lightli_arrival_windingriver, layout_basic,
          minmay_misc_feat_nine_boxes
D:2:      minmay_diamond_boxcup, layout_basic, basic_altar,
          hellmonk_ecumenical_altar_pennies_from_heaven, serial_shops, shop
D:3:      minmay_spotlight, layout_rooms, hangedman_decor_clover_reticule,
          uniq_terence, uniq_grinder
D:4:      layout_cave_pools, minmay_statues_item, uniq_pikel

Skill      XL: |  1 |
---------------+----+-----
Long Blades    | 3 |  3.4
Fighting       | |  2.4
Dodging        | |  3.6
Stealth        | |  2.4
Invocations    | |  0.7

Action                   || total
-------------------------++-------
Melee: Falchion          ||    59
 Stab: Sleeping          ||     2
Armor: Robe              ||    14
Dodge: Dodged            ||    39

Table legend: (Time is in decaauts)
 A = Elapsed time spent in this place.
 B = Non-inter-level travel time spent in this place.
 C = Inter-level travel time spent in this place.
 D = Time resting spent in this place.
 E = Time spent auto-exploring this place.
 F = Levels seen in this place.
 G = Mean time per level.
                   A        B        C        D        E       F      G
               +--------+--------+--------+--------+--------+-----+--------+
         Total |    982 |    849 |    133 |      0 |      0 |   4 |  245.5 |
       Dungeon |    982 |    849 |    133 |      0 |      0 |   4 |  245.5 |
               +--------+--------+--------+--------+--------+-----+--------+

Top non-repeatable levels by time:
     D:1: 559 daAuts
     D:2: 301 daAuts
     D:3: 86 daAuts
     D:4: 34 daAuts
